 Dungeon Crawl Stone Soup version 0.30-a0-55-g90e3122c3a (webtiles) character file.

Game seed: 4064007966808911919

16510 LnG the Carver (level 12, -2/159 HPs)
             Began as a Hill Orc Fighter on Sept 9, 2022.
             Was a Believer of Uskayaw.
             Slain by a reaper
             ... wielding a +2 scythe of freezing
              (10 damage)
             ... in an ice cave.
             The game lasted 00:52:45 (15384 turns).

LnG the Carver (Hill Orc Fighter)                  Turns: 15384, Time: 00:52:47

Health: -2/159     AC: 26    Str: 31    XL:     12   Next: 38%
Magic:  12/12      EV:  2    Int:  8    God:    Uskayaw [**....]
Gold:   273        SH:  9    Dex: 10    Spells: 11/11 levels left

rFire   . . .      SeeInvis .    K - +7 broad axe of Disharmony {venom, +Blink rElec rN+ Will+}
rCold   + . .      Faith    .    c - +3 buckler
rNeg    + + .      Spirit   .    (body armour currently unavailable)
rPois   +          Reflect  .    (helmet currently unavailable)
rElec   +          Harm     .    (cloak currently unavailable)
rCorr   .          Rampage  .    (gloves currently unavailable)
Will    +....      NoTele   +    (boots currently unavailable)
Stlth   +++.......               (no amulet)
HPRegen 0.36/turn                e - ring of protection from cold
MPRegen 0.13/turn                E - ring of Ekyequ {Fly rN+ Str+7}

@: mighty, tree-form
A: stationary, stasis, torment immunity, boosted hp
a: Renounce Religion, Evoke Blink, Stomp, Line Pass


You were in an ice cave.
You worshipped Uskayaw.
Uskayaw was noncommittal.
You were a tree.
You visited 2 branches of the dungeon, and saw 13 of its levels.
You also visited: Ice Cave.

You collected 648 gold pieces.
You spent 375 gold pieces at shops.

Inventory:

Hand Weapons
 a - a +0 war axe
 i - the +7 Throatcutter {drain, coup de grace}
   (You acquired it on level 6 of the Dungeon)

   A truly terrible weapon, it drains the life of any living foe it strikes.
   It may instantly kill foes which have little health.
 A - a +3 broad axe
 K - the +7 broad axe of Disharmony (weapon) {venom, +Blink rElec rN+ Will+}
   (You found it on level 11 of the Dungeon)

   It poisons the flesh of those it strikes.
   rElec:     It insulates you from electricity.
   rN:        It protects you from negative energy.
   +Blink:    It lets you blink.
   Will:      It increases your willpower.
Missiles
 F - a boomerang (quivered)
 G - a boomerang of dispersal
Armour
 b - a +1 scale mail
 c - a +3 buckler (worn)
 l - a +2 pair of boots (melded)
 o - a +0 cloak (melded)
 v - the +0 pair of gloves of Wisdom (melded) {Fly rElec rPois Dex+2}
   (You found it on level 3 of the Dungeon)

   Dex:       It affects your dexterity (+2).
   rElec:     It insulates you from electricity.
   rPois:     It protects you from poison.
   Fly:       It grants you flight.
 z - a +2 helmet (melded)
 C - a +0 ring mail of fire resistance (melded)
Jewellery
 e - a ring of protection from cold (left branch)
 r - a ring of wizardry
 y - a +4 ring of evasion
 E - the ring of Ekyequ (right branch) {Fly rN+ Str+7}
   (You acquired it on level 8 of the Dungeon)

   [ring of positive energy]

   Str:       It affects your strength (+7).
   rN:        It protects you from negative energy.
   Fly:       It grants you flight.
 N - an amulet of regeneration
Wands
 w - a wand of iceblast (6)
 D - a wand of flame (10)
 J - a wand of quicksilver (4)
 M - a wand of charming (6)
Scrolls
 k - 2 scrolls of torment
 m - 5 scrolls of butterflies
 n - a scroll of magic mapping
 q - 2 scrolls of fear
 s - a scroll of poison {unknown}
 u - 3 scrolls of vulnerability
 B - 3 scrolls of teleportation
 I - a scroll of brand weapon {unknown}
 L - a scroll of blinking {unknown}
Potions
 d - a potion of might
 f - 3 potions of flight
 h - 2 potions of curing
 j - a potion of lignification
 p - a potion of brilliance
 t - a potion of magic
 x - 3 potions of mutation
 H - a potion of resistance {unknown}


   Skills:
 + Level 9.9 Fighting
 + Level 10.8 Long Blades
 + Level 10.4 Axes
 + Level 0.2 Throwing
 + Level 9.1 Armour
 + Level 5.0 Dodging
 + Level 4.9 Stealth
 + Level 8.9 Shields


You had 11 spell levels left.
You didn't know any spells.
Your spell library contained the following spells:

 Spells                   Type           Power      Damage    Failure   Level
 Beastly Appendage        Tmut           0%         N/A       47%         1
 Foxfire                  Conj/Fire      0%         2x1d4     47%         1
 Sandblast                Erth           0%         2d4       47%         1
 Summon Small Mammal      Summ           0%         N/A       47%         1
 Blink                    Tloc           0%         N/A       63%         2
 Ensorcelled Hibernation  Hex/Ice        0%         N/A       63%         2
 Passwall                 Tmut/Erth      0%         N/A       63%         2
 Wereblood                Tmut           0%         N/A       63%         2
 Call Canine Familiar     Summ           0%         N/A       85%         3
 Conjure Flame            Conj/Fire      0%         6-21      85%         3
 Gell's Gravitas          Tloc           0%         N/A       85%         3
 Inner Flame              Hex/Fire       0%         N/A       85%         3
 Lesser Beckoning         Tloc           0%         N/A       85%         3
 Ozocubu's Armour         Ice            0%         N/A       85%         3
 Spider Form              Tmut/Pois      0%         N/A       85%         3
 Stone Arrow              Conj/Erth      0%         3d7       85%         3
 Summon Guardian Golem    Hex/Summ       0%         N/A       85%         3
 Teleport Other           Tloc           0%         N/A       85%         3
 Anguish                  Hex/Necr       0%         N/A       99%         4
 Animate Dead             Necr           0%         N/A       99%         4
 Flame Wave               Conj/Fire      0%         2d4       99%         4
 Manifold Assault         Tloc           0%         N/A       100%        5
 Metabolic Englaciation   Hex/Ice        0%         N/A       100%        5
 Dispersal                Tloc           0%         N/A       100%        6
 Simulacrum               Ice/Necr       0%         N/A       100%        6
 Haunt                    Necr/Summ      0%         N/A       100%        7
 Infestation              Necr           0%         N/A       100%        8


Dungeon Overview and Level Annotations

Branches:
Dungeon (12/15)            Temple (1/1) D:7            Lair (0/5) D:11
    Orc (0/2) D:10          IceCv (1/1)

Altars:
Ashenzari
Cheibriados
Dithmenos
Elyvilon
Fedhas
Gozag
Hepliaklqana
Kikubaaqudgha
Makhleb
Nemelex Xobeh
Okawaru
Qazlal
Ru
Sif Muna
Trog
Uskayaw
Vehumet
Wu Jian
Xom
Yredelemnul
Zin
The Shining One

Shops:
D:2 !   D:3 [   D:10 *?   D:12 !

Annotations:
D:10 exclusion: obsidian statue


Message History

The +0 pair of gloves of Wisdom {Fly rElec rPois Dex+2} melds into your body.
Your +2 pair of boots melds into your body.
Your +0 ring mail of fire resistance melds into your body.
You feel less resistant to fire.
Your roots penetrate the ground.
The reaper whispers, "Time's up, LnG!"
The reaper hits you but does no damage.
You feel much better.
The reaper hits you with a +2 scythe of freezing.
* * * LOW HITPOINT WARNING * * *
You cannot teleport because you are held in place by your roots.
You slice the reaper!!
The reaper is moderately wounded.
You block the reaper's attack.
You slash the reaper!
The reaper is poisoned.
The reaper is heavily wounded.
The reaper hits you but does no damage.
A two-headed ogre simulacrum comes into view.
You can now pass through a line of other dancers.
You hit the reaper.
The reaper is heavily wounded.
You block the reaper's attack.
You hit the reaper.
The reaper is heavily wounded.
The reaper hits you with a +2 scythe of freezing!!
* * * LOW HITPOINT WARNING * * *
The reaper freezes you.
* * * LOW HITPOINT WARNING * * *
You block the reaper's attack.
You feel much better.
The reaper hits you with a +2 scythe of freezing!!
* * * LOW HITPOINT WARNING * * *
The reaper freezes you.
* * * LOW HITPOINT WARNING * * *
You slice the reaper!!
The reaper is almost dead.
You slash the two-headed ogre simulacrum!
The two-headed ogre simulacrum hits you but does no damage.
You block the two-headed ogre simulacrum's attack.
The reaper hits you with a +2 scythe of freezing!
You die...

### ### !:$ ##.. ...
##..∩ ###.### #....
###.....### #...∩
###....2.##.## ##...
####.....#♣.....# ##..
###..#.....#Z...####
##..
##.....###..#..###...
#...
##.........§.#§§☼°§§§§
#...
#.......##§§§○§§##§§○§
##..
##.......##§○☼°°○###☼○
##.
##.......#§☼§§☼...#.§
##
##......####☼°##....
##.
###.........##....#
#..


You could see a reaper (very poisoned) and a two-headed ogre simulacrum.

Vanquished Creatures
  A boulder beetle (D:11)
  3 two-headed ogres
  2 centaur warriors (D:11)
  Erica (D:10)
  A death knight (D:11)
  A tengu warrior (D:11)
  A wizard (D:11)
  A flayed ghost (D:11)
  2 cyclopes
  An ugly thing (D:11)
  2 ice statues (IceCv)
  A kobold demonologist (D:11)
  2 unseen horrors
  An efreet (D:11)
  2 ice devils (IceCv)
  2 trolls
  A slime creature (D:11)
  A dire elephant simulacrum (IceCv)
  7 yaks
  A wyvern (D:7)
  A wraith (D:11)
  A death yak simulacrum (IceCv)
  3 vampire mosquitoes (D:11)
  2 steam dragons
  2 acid dragons
  2 orc warriors
  4 sky beasts
  A black bear (D:3)
  4 ice beasts
  An ogre (D:5)
  3 centaurs
  The ghost of Newt the Shooter, an amateur KoHu of Hepliaklqana (D:3)
  5 kobold brigands
  4 bullfrogs
  4 scorpions
  A necrophage (D:4)
  2 gnoll sergeants
  A cane toad simulacrum (IceCv)
  A two-headed ogre simulacrum (IceCv)
  3 wights (D:9)
  An elephant simulacrum (IceCv)
  3 howler monkeys
  2 electric eels (D:10)
  2 jellies
  5 orc priests
  4 hounds
  Crazy Yiuf (D:3)
  8 orc wizards
  3 spriggan simulacra (IceCv)
  A polar bear simulacrum (IceCv)
  4 troll simulacra (IceCv)
  A wolf simulacrum (IceCv)
  15 gnolls
  A naga simulacrum (IceCv)
  4 adders
  2 shadow imps
  3 white imps
  4 ufetubi
  A worm (D:3)
  2 dart slugs
  21 orcs
  10 ball pythons
  11 endoplasms
  2 giant cockroaches (D:1)
  8 goblins
  8 hobgoblins
  A quokka (D:3)
  6 bats
  2 frilled lizards (D:1)
  34 kobolds
  6 rats
256 creatures vanquished.

Vanquished Creatures (others)
  10 fungi (D:11)
  10 plants (D:11)
20 creatures vanquished.

Grand Total: 276 creatures vanquished

Notes
Turn   | Place    | Note
-------+----------+-------------------------------------------
     0 | D:1      | LnG the Hill Orc Fighter began the quest for the Orb.
     0 | D:1      | Reached XP level 1. HP: 19/19 MP: 1/1
   107 | D:1      | Found a faded altar of an unknown god.
   243 | D:1      | Reached XP level 2. HP: 27/27 MP: 2/2
   628 | D:1      | Reached XP level 3. HP: 29/33 MP: 3/3
  1160 | D:2      | Found Gohene's Distillery.
  1166 | D:2      | Bought a potion of lignification for 33 gold pieces
  1240 | D:2      | Reached XP level 4. HP: 19/40 MP: 4/4
  2047 | D:3      | Noticed a black bear
  2047 | D:3      | Found Kikh's Armour Shoppe.
  2055 | D:3      | Killed a black bear
  2056 | D:3      | Reached XP level 5. HP: 26/47 MP: 5/5
  2185 | D:2      | Reached XP level 6. HP: 43/53 MP: 6/6
  2271 | D:2      | Bought a potion of brilliance for 44 gold pieces
  2395 | D:3      | Found a runed translucent gate.
  2396 | D:3      | Noticed Newt's ghost (amateur KoHu)
  2397 | D:3      | Found a runed translucent gate.
  2398 | D:3      | Found a runed translucent gate.
  2470 | D:3      | Identified the +6 mace of Conformity {vorpal, Dex+3}
  2566 | D:3      | Reached skill level 5 in Axes
  2643 | D:3      | Found a runed translucent door.
  2644 | D:3      | Noticed Crazy Yiuf
  2901 | D:3      | Identified the +0 pair of gloves of Wisdom {Fly rElec rPois
                  | Dex+2}
  3098 | D:4      | Reached skill level 1 in Dodging
  3149 | D:3      | Killed Newt's ghost
  3150 | D:3      | Reached skill level 5 in Fighting
  3150 | D:3      | Reached skill level 5 in Armour
  3159 | D:3      | Reached XP level 7. HP: 44/61 MP: 7/7
  3328 | D:3      | Killed Crazy Yiuf
  4069 | D:4      | Found a radiant altar of Vehumet.
  4608 | D:5      | Entered Level 5 of the Dungeon
  4705 | D:5      | Found a shimmering blue altar of Sif Muna.
  4710 | D:5      | Found a broken altar of Ashenzari.
  4713 | D:5      | Found a stormy altar of Qazlal.
  4806 | D:5      | Reached XP level 8. HP: 64/70 MP: 8/8
  5045 | D:5      | Found a snail-covered altar of Cheibriados.
  5426 | D:6      | Identified a scroll of acquirement
  5427 | D:6      | Acquired the +7 Throatcutter {drain, coup de grace}
  5427 | D:6      | Found the +7 Throatcutter {drain, coup de grace}
  5852 | D:6      | Reached skill level 5 in Shields
  6241 | D:7      | Found a staircase to the Ecumenical Temple.
  6248 | Temple   | Entered the Ecumenical Temple
  6368 | Temple   | Became a worshipper of Uskayaw the Reveller
  6473 | D:7      | Reached * piety under Uskayaw
  6474 | D:7      | Reached skill level 1 in Long Blades
  6481 | D:7      | Reached XP level 9. HP: 78/78 MP: 9/9
  6486 | D:7      | Reached ** piety under Uskayaw
  6493 | D:7      | Reached *** piety under Uskayaw
  6495 | D:7      | Reached **** piety under Uskayaw
  6681 | D:7      | Reached skill level 1 in Stealth
  7622 | D:2      | Bought 2 potions of attraction for 66 gold pieces
  7622 | D:2      | Bought a potion of mutation for 88 gold pieces
  7622 | D:2      | Bought a potion of flight for 33 gold pieces
  8112 | D:8      | Acquired the ring of Ekyequ {Fly rN+ Str+7}
  8174 | D:8      | Noticed a two-headed ogre
  8182 | D:8      | Killed a two-headed ogre
  8183 | D:8      | Reached skill level 5 in Long Blades
  8183 | D:8      | Reached XP level 10. HP: 59/86 MP: 10/10
  8864 | D:9      | Noticed a two-headed ogre
  9396 | D:9      | Killed a two-headed ogre
 10454 | D:10     | Entered Level 10 of the Dungeon
 10630 | D:10     | Noticed a cyclops
 10638 | D:10     | Killed a cyclops
 10645 | D:10     | Found an opulent altar of Gozag.
 10725 | D:10     | Reached ***** piety under Uskayaw
 10992 | D:10     | Noticed Erica
 10998 | D:10     | Killed Erica
 10999 | D:10     | Reached XP level 11. HP: 94/95 MP: 11/11
 11000 | D:10     | Noticed an obsidian statue
 11189 | D:10     | Found Isuhek's Assorted Antiques.
 11208 | D:10     | Found Letagar's Magic Scroll Shop.
 11239 | D:10     | Found a staircase to the Orcish Mines.
 11464 | D:10     | Bought a scroll of teleportation for 36 gold pieces
 11566 | D:10     | Noticed a two-headed ogre
 11578 | D:10     | Killed a two-headed ogre
 12332 | D:11     | Noticed a boulder beetle
 12365 | D:11     | Killed a boulder beetle
 12543 | D:11     | Found a staircase to the Lair.
 12587 | D:11     | Noticed a green ugly thing
 12593 | D:11     | Killed a green ugly thing
 12597 | D:11     | Noticed a wizard
 12600 | D:11     | Noticed a flayed ghost
 12759 | D:11     | Noticed a cyclops
 12770 | D:11     | Killed a cyclops
 12771 | D:11     | Reached skill level 10 in Long Blades
 13049 | D:11     | Identified the +7 broad axe of Disharmony {venom, +Blink
                  | rElec rN+ Will+}
 13049 | D:11     | Noticed a centaur warrior
 13072 | D:11     | Killed a centaur warrior
 13159 | D:11     | Noticed a centaur warrior
 13171 | D:11     | Killed a centaur warrior
 13361 | D:11     | Noticed a tengu warrior
 13368 | D:11     | Killed a tengu warrior
 13372 | D:11     | Noticed a death knight
 13381 | D:11     | Killed a death knight
 13382 | D:11     | Reached XP level 12. HP: 34/105 MP: 12/12
 13926 | D:11     | Reached skill level 5 in Dodging
 13926 | D:11     | Noticed a soul eater
 14390 | D:12     | Found Ohuhag's Distillery.
 14393 | D:12     | Bought a potion of heal wounds for 75 gold pieces
 14421 | D:12     | Found a frozen archway.
 14430 | IceCv    | Entered an ice cave
 14784 | IceCv    | Reached skill level 10 in Axes
 15369 | IceCv    | Noticed a reaper
 15384 | IceCv    | Slain by a reaper

Illustrated notes

Levels and vault maps discovered:
D:1:      roderic_chinese_lattice_arrival, layout_rooms,
          hellmonk_ecumenical_altar_blasted, due_unseen_surprise
D:2:      layout_loops_ring, serial_shops,
          nicolae_shop_competitors_out_of_business
D:3:      layout_loops_ring, gammafunk_ghost_nasty_kobolds, serial_shops, shop,
          uniq_crazy_yiuf_cottage
D:4:      layout_basic, mainiacjoe_overflow_small_starburst
D:5:      layout_gridville, minmay_overflow_temple_star_quad,
          kennysheep_mini_moat
D:6:      layout_loops_cross, hangedman_decor_lopped, minivault_24
D:7:      kennysheep_six_static_rooms, layout_cave_pools,
          minmay_temple_entry_nine_rooms, kennysheep_generic_room_9
D:8:      layout_basic
D:9:      layout_loops_ring
D:10:     nicolae_BIG_FREAKIN_CUBE, layout_basic, grunt_gozag_statues,
          orc_0_dummy, serial_shops, nicolae_shop_crystal,
          nicolae_shop_hallway_stairs, minmay_protected_statue, uniq_erica
D:11:     layout_basic, grunt_lair_entry_orc_guard_hut, minmay_evil_grid
D:12:     layout_irregular_city, portal_ice_cave_entry_pillars_2,
          gauntlet_entry_generic, gammafunk_ghost_hydra_chop, serial_shops,
          nicolae_stop_n_shop_1, shop, nicolae_lakefront_shop,
          nicolae_square_shop, kennysheep_windowed_goal
Temple:   minmay_temple_bridge_d
IceCv:    ice_cave_small_demon

Skill      XL: |  1  2  3  4  5  6  7  8  9 10 11 12 |
---------------+-------------------------------------+-----
Fighting       | 4 5 6 7 8 9 |  9.9
Axes           | 3 4 6 8 9 10 | 10.4
Armour         | 4 5 6 7 8 9 |  9.1
Shields        | 4 5 6 7 8 |  8.9
Dodging        | 1 2 3 4 5 |  5.0
Long Blades    | 1 5 8 10 | 10.8
Stealth        | 1 2 3 4 |  4.9
Throwing       | |  0.2

Action                   |  1- 3 |  4- 6 |  7- 9 | 10-12 || total
-------------------------+-------+-------+-------+-------++-------
Melee: War axe           |    93 |   116 |    54 |       ||   263
       Broad axe         |       |       |    45 |   104 ||   149
       Long sword        |       |       |   123 |   310 ||   433
Throw: Boomerang         |       |       |       |     2 ||     2
  Use: Scroll            |       |       |    19 |     6 ||    25
       Potion            |       |       |       |    10 ||    10
 Stab: Paralysed         |       |       |       |    29 ||    29
       Sleeping          |       |       |       |     1 ||     1
Armor: Scale mail        |    34 |   114 |   125 |       ||   273
       Ring mail         |       |       |    13 |   198 ||   211
       Skin              |       |       |       |    10 ||    10
Dodge: Dodged            |    59 |    92 |   164 |   131 ||   446
Block: Buckler           |    23 |    37 |   114 |   157 ||   331

Table legend: (Time is in decaauts)
 A = Elapsed time spent in this place.
 B = Non-inter-level travel time spent in this place.
 C = Inter-level travel time spent in this place.
 D = Time resting spent in this place.
 E = Time spent auto-exploring this place.
 F = Levels seen in this place.
 G = Mean time per level.
                   A        B        C        D        E       F      G
               +--------+--------+--------+--------+--------+-----+--------+
         Total |  15550 |  14817 |    733 |   5510 |   4318 |  14 | 1110.7 |
       Dungeon |  14442 |  13709 |    733 |   4830 |   4219 |  12 | 1203.5 |
        Temple |    143 |    143 |      0 |      0 |     99 |   1 |  143.0 |
      Ice Cave |    964 |    964 |      0 |    680 |      0 |   1 |  964.0 |
               +--------+--------+--------+--------+--------+-----+--------+

Top non-repeatable levels by time:
    D:11: 2330 daAuts
     D:3: 1630 daAuts
    D:10: 1528 daAuts
     D:8: 1454 daAuts
     D:2: 1235 daAuts
     D:7: 1234 daAuts
     D:9: 1194 daAuts
     D:6: 1129 daAuts
     D:4: 989 daAuts
   IceCv: 964 daAuts
     D:1: 964 daAuts
     D:5: 657 daAuts
  Temple: 143 daAuts
    D:12: 93 daAuts
